 Dungeon Crawl Stone Soup version 0.26-a0-651-gb41185065b (webtiles) character file.

Game seed: 6388772391522596227

47 P0NYSLAYSTATION the Grave Robber (level 3, -1/26 HPs)
             Began as a Human Necromancer on Sept 29, 2020.
             Slain by a gnoll (5 damage)
             ... on level 2 of the Dungeon.
             The game lasted 00:14:57 (1149 turns).

P0NYSLAYSTATION the Grave Robber (HuNe)             Turns: 1149, Time: 00:14:57

Health: -1/26      AC:  2    Str:  9    XL:     3   Next: 97%
Magic:  4/6        EV: 12    Int: 15    God:
Gold:   60         SH:  3    Dex: 13    Spells: 5/7 levels left

rFire    . . .     SeeInvis .   l - +0 spear
rCold    . . .     Faith    .   h - +0 buckler
rNeg     . . .     Spirit   .   k - +0 robe {Archmagi}
rPois    .         Reflect  .   (no helmet)
rElec    .         Harm     .   (no cloak)
rCorr    .         Rampage  .   (no gloves)
MR       .....                  (no boots)
Stlth    ++........             (no amulet)
HPRegen  0.08/turn              (no ring)
MPRegen  0.10/turn              (no ring)

@: no status effects
A: no striking features
a: no special abilities


You were on level 2 of the Dungeon.
You visited 1 branch of the dungeon, and saw 3 of its levels.

You collected 60 gold pieces.

Inventory:

Hand Weapons
 d - a +0 dagger
 f - a +0 club
 l - a +0 spear (weapon)
Missiles
 g - 29 sling bullets
 i - 8 boomerangs (quivered)
 m - 31 stones
Armour
 a - a +0 robe
 c - a +0 scale mail
 e - a +0 chain mail
 h - a +0 buckler (worn)
 k - a +0 robe of the Archmagi (worn)
Scrolls
 b - 3 scrolls of identify
Potions
 j - a potion of cancellation


   Skills:
 * Level 1.1 Fighting
 + Level 0.4 Short Blades
 * Level 0.2 Polearms
 * Level 0.6 Armour
 + Level 2.0 Dodging
 + Level 2.0 Stealth
 * Level 0.3 Shields
 + Level 2.5 Spellcasting
 + Level 4.3 Necromancy


You had 5 spell levels left.
You knew the following spells:

 Your Spells              Type           Power        Failure   Level
a - Pain                  Necr           ###.         5%          1
b - Animate Skeleton      Necr           ###...       5%          1

Your spell library contained the following spells:

 Spells                   Type           Power        Failure   Level
 Vampiric Draining        Necr           ###.......   17%         3
 Animate Dead             Necr           ###.......   50%         4
 Agony                    Necr           ###.....     83%         5


Dungeon Overview and Level Annotations

Branches:
Dungeon (3/15)

Altars:
Hepliaklqana

Annotations:
D:3 Ijyb


Message History

Casting: Pain (safe; 5% risk of failure)
Confirm with . or Enter, or press ? or * to list all spells.
Aiming: Pain (safe; 5% risk of failure)
Press: ? - help, Shift-Dir - straight line, f - gnoll
Aim: a gnoll (heavily wounded, chance to defeat MR: 87%)
You feel a surge of power!
The gnoll writhes in agony.
You block the gnoll's attack.
Casting: Pain (safe; 5% risk of failure)
Confirm with . or Enter, or press ? or * to list all spells.
Aiming: Pain (safe; 5% risk of failure)
Press: ? - help, Shift-Dir - straight line, f/p - gnoll
Aim: a gnoll (severely wounded, chance to defeat MR: 87%)
You feel a surge of power!
The gnoll writhes in agony.
The gnoll hits you.
* * * LOW HITPOINT WARNING * * *
Okay, then.
Okay, then.
You hit the gnoll.
The gnoll is almost dead.
The gnoll hits you.
You die...

#
#.###.###
......g@#
_.###.#.#
# #.# #.#
### ..
#.# ..#
#.# #.#
##.###
#.#.# #..
....
#..#.#.#
###
####.###
#.)#.#.#
#......#


You could see a gnoll.

Vanquished Creatures
  A leopard gecko (D:2)
  An orc (D:3)
  A ball python (D:2)
  3 bats
  2 giant cockroaches (D:1)
  7 goblins
  2 hobgoblins
  4 jackals
  4 kobolds
  2 frilled lizards (D:2)
  5 rats
32 creatures vanquished.

Vanquished Creatures (collateral kills)
  An adder (D:2)
  A worm (D:2)
2 creatures vanquished.

Grand Total: 34 creatures vanquished

Notes
Turn   | Place    | Note
-------+----------+-------------------------------------------
     0 | D:1      | P0NYSLAYSTATION the Human Necromancer began the quest for
                  | the Orb.
     0 | D:1      | Reached XP level 1. HP: 13/13 MP: 3/3
    93 | D:1      | Learned a level 1 spell: Animate Skeleton
   222 | D:1      | Reached XP level 2. HP: 7/20 MP: 0/5
   227 | D:1      | HP: 1/20 [goblin (2)]
   615 | D:1      | Reached skill level 1 in Fighting
   766 | D:2      | Reached XP level 3. HP: 19/26 MP: 1/6
   783 | D:2      | Found a faded altar of an unknown god.
  1088 | D:3      | Noticed Ijyb
  1142 | D:2      | Found a hazy altar of Hepliaklqana.
  1149 | D:2      | Slain by a gnoll

Illustrated notes

Levels and vault maps discovered:
D:1:      eino_arrival_tree_alley, layout_loops_ring, serial_park_tiny_2,
          minmay_three_crescents
D:2:      layout_basic, overflow_temple_1_default,
          chequers_ecumenical_altar_simple_redux
D:3:      layout_rooms, gup_sewer_entry_bubbles, uniq_terence, uniq_ijyb,
          uniq_robin

Skill      XL: |  1  2 |
---------------+-------+-----
Fighting       | 1 |  1.1
Short Blades   | |  0.4
Polearms       | |  0.2
Armour         | |  0.6
Dodging        | |  2.0
Stealth        | |  2.0
Shields        | |  0.3
Spellcasting   | |  2.5
Necromancy     | |  4.3

Action                   || total
-------------------------++-------
Melee: Unarmed           ||     8
       Club              ||    11
       Dagger            ||    23
       Spear             ||    30
Throw: Boomerang         ||     9
 Cast: Pain              ||    27
       Animate Skeleton  ||    19
  Use: Potion            ||     2
       Scroll            ||     1
 Stab: Sleeping          ||     1
Armor: Robe              ||    10
Dodge: Dodged            ||    40
Block: Buckler           ||     4

Table legend: (Time is in decaauts)
 A = Elapsed time spent in this place.
 B = Non-inter-level travel time spent in this place.
 C = Inter-level travel time spent in this place.
 D = Time resting spent in this place.
 E = Time spent auto-exploring this place.
 F = Levels seen in this place.
 G = Mean time per level.
                   A        B        C        D        E       F      G
               +--------+--------+--------+--------+--------+-----+--------+
         Total |   1142 |   1142 |      0 |    388 |     83 |   3 |  380.7 |
       Dungeon |   1142 |   1142 |      0 |    388 |     83 |   3 |  380.7 |
               +--------+--------+--------+--------+--------+-----+--------+

Top non-repeatable levels by time:
     D:2: 632 daAuts
     D:1: 391 daAuts
     D:3: 117 daAuts
